 Dungeon Crawl Stone Soup version 0.23.2-30-g0e89c35649 (webtiles) character file.

Game seed: 536216098769056907

429 Hatywr the Slinger (level 7, -11/44 HPs)
             Began as a Halfling Warper on June 23, 2019.
             Was a Follower of Okawaru.
             Killed by divine providence
             ... invoked by an orc priest
              (13 damage)
             ... on level 4 of the Dungeon.
             The game lasted 00:10:34 (3615 turns).

Hatywr the Slinger (Halfling Warper)                Turns: 3615, Time: 00:10:35

Health: -11/44     AC:  7    Str: 12    XL:     7   Next: 19%
Magic:  1/9        EV: 14    Int: 11    God:    Okawaru [*.....]
Gold:   227        SH:  0    Dex: 16    Spells: 5/9 levels left

rFire    . . .     SeeInvis .   g - +0 hunting sling
rCold    . . .     Gourm    .   (shield restricted)
rNeg     . . .     Faith    .   b - +0 leather armour
rPois    .         Spirit   .   (no helmet)
rElec    .         Reflect  .   q - +1 cloak
rCorr    .         Harm     .   (no gloves)
MR       .....                  s - +1 pair of boots
Stlth    +.........             (no amulet)
HPRegen  0.14/turn              (no ring)
MPRegen  0.11/turn              (no ring)

@: shrouded (expiring)
A: small, mutation resistance 1
a: Heroism, Renounce Religion


You were on level 4 of the Dungeon.
You worshipped Okawaru.
Okawaru was aware of your devotion.
You were not hungry.

You visited 1 branch of the dungeon, and saw 4 of its levels.

You collected 227 gold pieces.

Inventory:

Hand Weapons
 a - a +0 short sword
 g - a +0 hunting sling (weapon)
 k - a +2 vampiric dagger
 w - the +4 spear "Vawoces" {antimagic, +Blink Int+3}
   (You found it on level 4 of the Dungeon)

   It reduces the magical energy of the wielder, and disrupts the spells and
   magical abilities of those hit.
   Natural abilities and divine invocations are not affected.
   It affects your intelligence (+3).
   It lets you blink.
Missiles
 e - 5 tomahawks of dispersal
 i - 71 stones (quivered)
Armour
 b - a +0 leather armour (worn)
 o - a +0 pair of boots
 q - a +1 cloak (worn)
 s - a +1 pair of boots (worn)
Jewellery
 p - an uncursed ring of positive energy
Scrolls
 c - a scroll of noise {unknown}
 d - a scroll of blinking
 j - 2 scrolls of identify
 l - 2 scrolls of teleportation {unknown}
 m - 3 scrolls of amnesia {unknown}
 r - a scroll of immolation {unknown}
 t - a scroll of magic mapping {unknown}
 u - a scroll of enchant weapon {unknown}
Potions
 h - a potion of ambrosia {unknown}
 n - 2 potions of heal wounds
 v - a potion of agility {unknown}
Comestibles
 f - 9 rations


   Skills:
 - Level 1.7 Fighting
 - Level 2.5 Short Blades
 + Level 8.3 Slings
 - Level 1.0(3.6) Throwing
 - Level 1.1 Armour
 - Level 2.1 Dodging
 - Level 1.5 Spellcasting
 - Level 3.0 Charms
 - Level 4.0 Translocations


You had 5 spell levels left.
You knew the following spells:

 Your Spells              Type           Power        Failure   Level  Hunger
a - Blink                 Tloc           N/A          12%         2    ###....
b - Shroud of Golubria    Chrm/Tloc      #.........   14%         2    ###....

Your spell library contained the following spells:

 Spells                   Type           Power        Failure   Level  Hunger
 Gell's Gravitas          Tloc           #.........   22%         3    ####...
 Lesser Beckoning         Tloc           #.........   22%         3    ####...
 Teleport Other           Tloc           #.......     22%         3    ####...
 Passage of Golubria      Tloc           N/A          58%         4    #####..


Dungeon Overview and Level Annotations

Branches:
Dungeon (4/15)             Temple (0/1) D:4

Altars:
Cheibriados
Okawaru
Ru


Innate Abilities, Weirdness & Mutations

You are small and have problems with some larger weapons.
You are somewhat resistant to further mutation.


Message History

The orc wizard casts a spell at you. The puff of flame misses you.
You closely miss the orc priest.
The orc priest is almost dead.
The orc priest barely misses you.
The orc wizard hits you but does no damage.
Casting: Blink (safe; 12% risk of failure)
Confirm with . or Enter, or press ? or * to list all spells.
You blink.
Wield which item (- for none, * to show all)? (? for menu, Esc to quit)
g - a +0 hunting sling (weapon)
Firing (i - inventory. (/) - cycle)
i - 72 stones (quivered)
Press: ? - help, Shift-Dir - straight line, f - orc priest
Aim: an orc priest, wielding a +0 short sword (almost dead)
You shoot a stone. The stone hits the orc priest.
The orc priest is almost dead.
Your shroud begins to fray at the edges.
The orc priest mumbles some strange prayers to Beogh against you.
Beogh smites you!
You die...

#### ### ##.)# ##(##
##...####...## .##.....##.....##
........##......##
######.......o..@#
####...(##.)o...#
##..#....##ยง.#....#
.........#..##....#
.........#..##.......
.>.....##.................###...#
....................##...#.#.....
.)........######.....#...#.#...#
.........#######.##..#.........##


You could see an orc priest and an orc wizard.

Vanquished Creatures
  An ogre (D:4)
  A phantom (D:3)
  A centaur skeleton (D:4)
  2 orc wizards
  2 worker ants
  6 adders
  4 oozes
  A worm (D:3)
  3 leopard geckos
  4 orcs
  2 giant cockroaches (D:3)
  10 goblins
  3 hobgoblins
  4 jackals
  4 kobolds
  4 bats
  A frilled lizard (D:3)
  8 rats
61 creatures vanquished.

Notes
Turn   | Place    | Note
-------+----------+-------------------------------------------
     0 | D:1      | Hatywr the Halfling Warper began the quest for the Orb.
     0 | D:1      | Reached XP level 1. HP: 14/14 MP: 3/3
   111 | D:1      | Reached skill level 1 in Slings
   147 | D:1      | Reached skill level 2 in Slings
   147 | D:1      | Reached XP level 2. HP: 19/19 MP: 4/4
   334 | D:1      | Learned a level 2 spell: Blink
   337 | D:1      | Learned a level 2 spell: Shroud of Golubria
   466 | D:1      | Reached skill level 3 in Slings
   466 | D:1      | Reached XP level 3. HP: 24/24 MP: 5/5
  1222 | D:2      | Reached XP level 4. HP: 29/29 MP: 6/6
  1429 | D:2      | Reached skill level 4 in Slings
  1630 | D:2      | Found an iron altar of Okawaru.
  1644 | D:2      | Became a worshipper of Warmaster Okawaru
  1920 | D:3      | Noticed a phantom
  1950 | D:3      | Killed a phantom
  1950 | D:3      | Reached skill level 5 in Slings
  1950 | D:3      | Reached XP level 5. HP: 20/34 MP: 7/7
  2160 | D:3      | Found a snail-covered altar of Cheibriados.
  2533 | D:3      | Reached XP level 6. HP: 36/39 MP: 8/8
  2534 | D:3      | Found a sacrificial altar of Ru.
  2784 | D:3      | Reached skill level 6 in Slings
  3392 | D:4      | Noticed an ogre
  3406 | D:4      | Killed an ogre
  3406 | D:4      | Reached skill level 7 in Slings
  3407 | D:4      | Found a staircase to the Ecumenical Temple.
  3413 | D:4      | Got a shimmering spear
  3415 | D:4      | Identified the +4 spear "Vawoces" {antimagic, +Blink Int+3}
                  | (You found it on level 4 of the Dungeon)
  3429 | D:4      | Reached XP level 7. HP: 33/44 MP: 9/9
  3539 | D:4      | Reached * piety under Okawaru
  3539 | D:4      | Reached skill level 8 in Slings
  3609 | D:4      | HP: 1/44 [orc wizard/puff of frost (9)]
  3615 | D:4      | Killed from afar by an orc priest

Skill      XL: |  1  2  3  4  5  6  7 |
---------------+----------------------+-----
Slings         | 2 3 5 7 8 |  8.3
Translocations | 4 |  4.0
Charms         | 2 3 |  3.0
Fighting       | |  1.7
Short Blades   | |  2.5
Throwing       | |  1.0
Armour         | |  1.1
Dodging        | |  2.1
Spellcasting   | |  1.5

Action                   |  1- 3 |  4- 6 |  7- 9 || total
-------------------------+-------+-------+-------++-------
Melee: Short sword       |     4 |     3 |     7 ||    14
       Hunting sling     |       |     1 |       ||     1
 Fire: Hunting sling     |    82 |   184 |    32 ||   298
 Cast: Shroud of Golubri |       |     2 |     2 ||     4
       Blink             |       |     1 |     3 ||     4
  Use: Scroll            |     1 |     3 |       ||     4
       Potion            |       |     1 |       ||     1
  Eat: Chunk             |       |     5 |       ||     5
       Ration            |       |     1 |       ||     1
Armor: Leather armour    |     6 |    32 |     6 ||    44
Dodge: Dodged            |    18 |    69 |    21 ||   108
